 Dungeon Crawl Stone Soup version 0.17.1-3-g152610e (webtiles) character file.

2697 Alarkh the Martial Artist (level 9, -7/46 HPs)
             Began as a Vine Stalker Transmuter on Apr 17, 2016.
             Was a Believer of Kikubaaqudgha.
             Killed from afar by an electric eel (10 damage)
             ... with a bolt of electricity
             ... on level 7 of the Dungeon.
             The game lasted 00:11:49 (5473 turns).

Alarkh the Martial Artist (Vine Stalker Transmuter) Turns: 5473, Time: 00:11:50

Health: -7/46      AC:  2    Str: 13      XL:     9   Next: 65%
Magic:  0/16       EV: 22    Int: 16      God:    Kikubaaqudgha [**....]
Gold:   418        SH:  0    Dex: 15 (20) Spells: 5 memorised, 3 levels left

rFire  . . .     SeeInvis +       - Unarmed
rCold  . . .     Clarity  .     (armour currently unavailable)
rNeg   . . .     SustAt   .     (shield currently unavailable)
rPois  x         Gourm    .     (helmet currently unavailable)
rElec  .         Spirit   +     (cloak currently unavailable)
rCorr  .         Warding  .     (gloves currently unavailable)
rMut   .         Stasis   .     (boots currently unavailable)
MR     +....                    (no amulet)
Stlth  +.........               K - ring of stealth
                                n - ring of see invisible

@: spider-form, somewhat resistant to hostile enchantments, very unstealthy
A: (fangs 0), regeneration 2, magic shield, (antimagic bite), no device heal 3,
rot immunity
a: End Transformation, Receive Corpses, Renounce Religion


You were on level 7 of the Dungeon.
You worshipped Kikubaaqudgha.
Kikubaaqudgha was pleased with you.
You were not hungry.
You were a venomous arachnid creature.
You visited 1 branch of the dungeon, and saw 7 of its levels.
You also visited: Sewer and Ossuary.

You collected 470 gold pieces.
You spent 52 gold pieces at shops.

Inventory:

Missiles
 a - 66 arrows
Armour
 b - a +0 robe (melded)
 l - a +0 cloak (melded)
Jewellery
 n - a ring of see invisible (left front leg)
 K - a ring of stealth (right front leg)
Wands
 j - a wand of hasting (4)
 H - a wand of flame (15)
 I - a wand of paralysis (8)
 N - a wand of confusion (24)
Scrolls
 e - 2 scrolls of amnesia
 m - a scroll of remove curse {unknown}
 o - a scroll of enchant weapon {unknown}
 p - 6 scrolls of magic mapping
 s - 3 scrolls of fog {unknown}
 t - a scroll of recharging {unknown}
 y - a scroll of fear {unknown}
 z - a scroll of noise {unknown}
 G - a scroll of blinking {unknown}
 L - a scroll of acquirement {unknown}
Potions
 h - a potion of brilliance
 k - a potion of mutation
 q - 3 potions of flight
 r - 2 potions of haste
 u - 2 potions of magic
 x - 3 potions of heal wounds
 A - 3 potions of curing
 B - 2 potions of lignification
 C - 2 potions of resistance
 D - a potion of agility
 E - 3 potions of degeneration
 J - 3 potions of might
Books
 c - a book of Changes

   Spells                             Type                      Level
   a - Beastly Appendage              Transmutation                1
   b - Sticks to Snakes               Transmutation                2
   c - Spider Form                    Transmutation/Poison         3
   d - Ice Form                       Ice/Transmutation            4
   e - Blade Hands                    Transmutation                5
 v - Kikubaaqudgha's Handbook of Necromancy
   (Kikubaaqudgha gifted it to you on level 4 of the Dungeon)

   Spells                             Type                      Level
   a - Pain                           Necromancy                   1
   b - Corpse Rot                     Necromancy                   2
   c - Sublimation of Blood           Necromancy                   2
   d - Vampiric Draining              Necromancy                   3
   e - Control Undead                 Necromancy                   4
 w - a book of Clouds

   Spells                             Type                      Level
   a - Mephitic Cloud                 Conjuration/Poison/Air       3
   b - Conjure Flame                  Conjuration/Fire             3
   c - Poisonous Cloud                Conjuration/Poison/Air       6
   d - Freezing Cloud                 Conjuration/Ice/Air          6
   e - Ring of Flames                 Charms/Fire                  7
Comestibles
 d - 11 bread rations
 f - 3 beef jerkies
 g - a slice of pizza
 i - 2 meat rations
 F - a chunk of flesh


   Skills:
 + Level 4.9 Fighting
 + Level 4.8 Dodging
 * Level 8.3 Unarmed Combat
 + Level 4.5 Spellcasting
 + Level 3.6 Necromancy
 + Level 4.1 Transmutations


You had 3 spell levels left.
You knew the following spells:

 Your Spells              Type           Power        Failure   Level  Hunger
a - Beastly Appendage     Trmt           ###...       12%         1    None
b - Spider Form           Trmt/Pois      ##........   41%         3    ###....
c - Sublimation of Blood  Necr           ###.......   21%         2    ##.....
d - Vampiric Draining     Necr           ###.......   28%         3    ###....
e - Blade Hands           Trmt           ###.......   95%         5    ######.


Dungeon Overview and Level Annotations

Branches:
Dungeon (7/15)
 Temple: D:4-7

Altars:
Ashenzari
Fedhas
Kikubaaqudgha
Qazlal
Xom
Yredelemnul

Shops:
D:4 *


Innate Abilities, Weirdness & Mutations

((You have razor-sharp teeth.))
You heal very quickly.
When hurt, damage is shared between your health and your magic reserves.
((Your bite disrupts and absorbs the magic of your enemies.))
Potions and wands cannot restore your health.
You are immune to rotting.


Message History

You barely miss the electric eel. You hit the electric eel.
The electric eel is lightly wounded.
You completely miss the electric eel.
The electric eel is lightly wounded.
You closely miss the electric eel.
The electric eel is lightly wounded.
Your unstable footing causes you to fumble your attack.
The electric eel shoots out a bolt of lightning at you!
The bolt of electricity hits you! x2
* * * LOW HITPOINT WARNING * * *
The bolt of electricity hits the plant.
You bite the electric eel!
The electric eel is poisoned.
The electric eel is almost dead.
The electric eel shoots out a bolt of lightning at you!
The bolt of electricity hits you!
* * * LOW HITPOINT WARNING * * *
The bolt of electricity hits you!
You die...
Kikubaaqudgha rasps: "You have failed me!
Welcome... death!"

.##
#........########.##
##.
..########.#######
#.# #.. ..)........#
#.######.
############
#.##..... #
#....#### # ####.≈#
# # #≈≈≈≈# # #######
#.≈≈P# # ##s;PP≈##
#.≈≈## # ##≈≈P≈≈≈...
#.PP.. #####
##.P≈♣≈P≈P.. ....##
....#
####..PP♣♣♣P≈≈P
..#.# ..#.#
#....P≈♣♣


PPP #.#.######.##.P≈≈♣ .. †........._..#P≈♣♣ # †.#.######.#.P≈≈≈≈ ..#.#
#...##.≈≈≈≈ You could see an electric eel.

Vanquished Creatures
  The ghost of BobbyTwoHands the Destroyer, an amateur TeCj (Ossuary)
  Sigmund (D:5)
  Edmund (D:4)
  A sky beast (D:6)
  2 ice beasts (D:6)
  A black bear (D:7)
  A centaur (D:7)
  3 ogres
  Blork the orc (D:4)
  A giant frog (D:7)
  A scorpion (D:5)
  An electric eel (D:7)
  An orc priest (D:6)
  A centaur zombie (D:7)
  A quasit (D:7)
  8 crimson imps
  4 hounds
  A centaur skeleton (D:5)
  A giant frog zombie (D:4)
  2 giant frog skeletons
  2 iguanas
  7 orc wizards
  A killer bee zombie (D:6)
  2 hound zombies
  A hound skeleton (D:4)
  8 mummies (Ossuary)
  2 worker ant zombies (D:4)
  Robin (D:4)
  13 adders
  3 gnolls (D:5)
  A river rat (D:6)
  An adder zombie (D:4)
  4 oozes
  2 adder skeletons (D:4)
  6 worms
  14 orcs
  3 giant cockroaches
  A gnoll zombie (Ossuary)
  18 goblins
  10 hobgoblins
  6 quokkas
  5 ball pythons
  A ball python zombie (D:4)
  16 bats
  A giant cockroach zombie (D:4)
  2 giant gecko zombies (D:4)
  10 giant newts
  A hobgoblin zombie (Ossuary)
  A jackal skeleton (D:4)
  9 kobolds
  3 kobold zombies (Ossuary)
  3 orc zombies (Ossuary)
  2 quokka zombies (D:4)
  9 rats
  A rat zombie (D:3)
204 creatures vanquished.

Notes
Turn   | Place    | Note
--------------------------------------------------------------
     0 | D:1      | Alarkh the Vine Stalker Transmuter began the quest for the Orb.
     0 | D:1      | Reached XP level 1. HP: 9/9 MP: 4/4
    60 | D:1      | Reached skill level 1 in Fighting
    90 | D:1      | Reached XP level 2. HP: 14/14 MP: 6/6
   521 | D:1      | Reached XP level 3. HP: 11/18 MP: 5/7
   788 | D:2      | Learned a level 3 spell: Spider Form
  1098 | D:2      | Reached skill level 4 in Unarmed Combat
  1098 | D:2      | Reached XP level 4. HP: 19/23 MP: 8/8
  1324 | D:3      | Noticed an ogre
  1336 | D:3      | Killed an ogre
  1336 | D:3      | Reached XP level 5. HP: 26/26 MP: 5/9
  1753 | D:3      | Reached skill level 5 in Unarmed Combat
  1885 | D:3      | Gained mutation: You heal very quickly. [Vine Stalker growth]
  1885 | D:3      | Reached XP level 6. HP: 32/32 MP: 6/10
  2023 | D:3      | Found an ancient bone altar of Kikubaaqudgha.
  2175 | D:3      | Became a worshipper of Kikubaaqudgha
  2224 | D:4      | Noticed Robin
  2461 | D:4      | Killed Robin
  2597 | D:4      | Found a shimmering altar of Xom.
  2620 | D:4      | Reached XP level 7. HP: 35/35 MP: 11/11
  2634 | D:4      | Noticed Edmund
  2656 | D:4      | Killed Edmund
  2656 | D:4      | Reached * piety under Kikubaaqudgha
  2656 | D:4      | Received a gift from Kikubaaqudgha
  2656 | D:4      | Reached skill level 6 in Unarmed Combat
  2659 | D:4      | Identified Kikubaaqudgha's Handbook of Necromancy (Kikubaaqudgha gifted it to you on level 4 of the Dungeon)
  2663 | D:4      | Learned a level 2 spell: Sublimation of Blood
  2667 | D:4      | Learned a level 3 spell: Vampiric Draining
  2727 | D:4      | Reached skill level 1 in Necromancy
  2747 | D:4      | Found a shimmering altar of Xom.
  2748 | D:4      | Found a basalt altar of Yredelemnul.
  2791 | D:4      | Noticed Blork the orc
  2798 | D:4      | Killed Blork the orc
  2883 | D:4      | Found Lipnap's Assorted Antiques.
  2891 | D:4      | Bought a scroll labeled YPAMOI IFROOX for 26 gold pieces
  2891 | D:4      | Bought a scroll labeled TIKUTH GUACLABE for 26 gold pieces
  3091 | D:5      | Entered Level 5 of the Dungeon
  3112 | D:5      | Gained mutation: You have razor-sharp teeth. [Vine Stalker growth]
  3112 | D:5      | Reached XP level 8. HP: 36/40 MP: 3/13
  3214 | D:5      | Found a stormy altar of Qazlal.
  3304 | D:5      | Noticed Sigmund
  3313 | D:5      | Killed Sigmund
  3373 | D:5      | Reached skill level 7 in Unarmed Combat
  3399 | D:5      | Found a sand-covered staircase.
  3403 | Ossuary  | Entered an ossuary
  3414 | Ossuary  | Noticed BobbyTwoHands's ghost (amateur TeCj)
  3434 | Ossuary  | Killed BobbyTwoHands's ghost
  3919 | D:6      | Reached XP level 9. HP: 46/46 MP: 11/15
  3956 | D:6      | Found a blossoming altar of Fedhas.
  3992 | D:6      | Found a blossoming altar of Fedhas.
  4053 | D:6      | Found a glowing drain.
  4087 | Sewer    | Entered a sewer
  4120 | Sewer    | Reached ** piety under Kikubaaqudgha
  4951 | D:7      | Reached skill level 8 in Unarmed Combat
  5014 | D:7      | Learned a level 5 spell: Blade Hands
  5451 | D:7      | Found a shattered altar of Ashenzari.
  5473 | D:7      | Killed from afar by an electric eel

Action                   |  1- 3 |  4- 6 |  7- 9 || total
-------------------------+-------+-------+-------++-------
Melee: Unarmed           |   115 |   212 |   399 ||   726
 Cast: Beastly Appendage |     5 |     8 |     5 ||    18
       Spider Form       |     3 |    10 |    15 ||    28
  Use: Scroll            |       |     4 |     9 ||    13
       Potion            |       |       |     2 ||     2
 Stab: Sleeping          |     3 |       |     6 ||     9
  Eat: Chunk             |     1 |     8 |    12 ||    21
